 Dungeon Crawl Stone Soup version 0.24.1-8-ga250c9d538 (webtiles) character file.

Game seed: 15362119123489494283, levelgen mode: deterministic

1124 Gruesph the Slinger (level 8, 0/55 HPs)
             Began as a Halfling Hunter on May 7, 2020.
             Was a Believer of Okawaru.
             Killed from afar by an electric eel (7 damage)
             ... with a bolt of electricity
             ... on level 6 of the Dungeon.
             The game lasted 00:21:44 (5551 turns).

Gruesph the Slinger (Halfling Hunter)               Turns: 5551, Time: 00:21:44

Health: 0/55       AC:  8    Str: 15    XL:     8   Next: 61%
Magic:  8/8        EV: 12    Int:  9    God:    Okawaru [**....]
Gold:   310        SH:  0    Dex: 15    Spells: 7/7 levels left

rFire    . . .     SeeInvis .   a - +0 fustibalus
rCold    . . .     Gourm    .   (shield restricted)
rNeg     . . .     Faith    .   t - +1 scale mail
rPois    .         Spirit   .   (no helmet)
rElec    .         Reflect  .   (no cloak)
rCorr    +         Harm     .   i - +0 pair of gloves
MR       +....                  (no boots)
Stlth    +.........             (no amulet)
HPRegen  0.18/turn              o - ring of protection from magic
MPRegen  0.11/turn              v - ring of resist corrosion

@: no status effects
A: small, mutation resistance 1
a: Heroism, Renounce Religion


You were on level 6 of the Dungeon.
You worshipped Okawaru.
Okawaru was pleased with you.
You were hungry.

You visited 2 branches of the dungeon, and saw 7 of its levels.

You collected 310 gold pieces.

Inventory:

Hand Weapons
 a - a +0 fustibalus (weapon)
 b - a +2 short sword of electrocution
Missiles
 d - 22 sling bullets (quivered)
 e - 3 curare-tipped darts
 m - 67 stones
Armour
 i - a +0 pair of gloves (worn)
 t - a +1 scale mail (worn)
Jewellery
 o - a ring of protection from magic (left hand)
 v - a ring of resist corrosion (right hand)
Wands
 g - a wand of paralysis (10)
 p - a wand of flame (14)
 q - a wand of acid (13)
 u - a wand of clouds (3)
Scrolls
 l - 2 scrolls of enchant armour
 r - 3 scrolls of remove curse
 w - a scroll of teleportation
 y - a scroll of immolation {unknown}
Potions
 c - 2 potions of berserk rage
 h - 5 potions of flight
 j - 2 potions of brilliance
 k - a potion of curing {unknown}
 n - a potion of cancellation {unknown}
 s - 2 potions of heal wounds {unknown}
 x - a potion of resistance {unknown}
Comestibles
 f - 2 rations


   Skills:
 + Level 5.1 Fighting
 * Level 12.1 Slings
 - Level 2.1 Dodging
 - Level 2.0 Stealth
 + Level 1.2 Invocations


You had 7 spell levels left.
You didn't know any spells.
Your spell library contained the following spells:

 Spells                   Type           Power        Failure   Level  Hunger
 Corona                   Hex            #......      86%         1    ##.....
 Ensorcelled Hibernation  Hex/Ice        #.....       95%         2    ###....
 Confuse                  Hex            #.......     99%         3    ####...
 Dazzling Spray           Conj/Hex       #.....       99%         3    ####...
 Tukima's Dance           Hex            #.......     99%         3    ####...


Dungeon Overview and Level Annotations

Branches:
Dungeon (6/15)             Temple (1/1) D:5

Altars:
Ashenzari
Cheibriados
Dithmenos
Elyvilon
Fedhas
Gozag
Kikubaaqudgha
Makhleb
Nemelex Xobeh
Okawaru
Qazlal
Ru
Sif Muna
Trog
Uskayaw
Vehumet
Yredelemnul
Zin
The Shining One


Innate Abilities, Weirdness & Mutations

You are small and have problems with some larger weapons.
You are somewhat resistant to further mutation.


Message History

You shoot a sling bullet.
The sling bullet misses the electric eel.
You hear a splash.
Firing (i - inventory. (/) - cycle)
d - 24 sling bullets (quivered)
Press: ? - help, Shift-Dir - straight line, f/p - electric eel
Aim: an electric eel (water, severely wounded)
You shoot a sling bullet.
The sling bullet closely misses the electric eel.
The electric eel shoots out a bolt of lightning at you!
The bolt of electricity hits you!
* * * LOW HITPOINT WARNING * * *
Firing (i - inventory. (/) - cycle)
d - 23 sling bullets (quivered)
Press: ? - help, Shift-Dir - straight line, f/p - electric eel
Aim: an electric eel (water, severely wounded)
You shoot a sling bullet.
The sling bullet closely misses the electric eel.
You hear a splash.
The electric eel shoots out a bolt of lightning at you!
The bolt of electricity hits you!
You die...

..........##...#
..........##.... ≈
≈♣≈..............#. ≈≈≈≈
≈≈..........##.##. ≈≈≈≈
≈♣...........#.... ≈≈≈≈≈
≈≈...........)..#. ≈≈≈≈≈≈
≈...........##.#.
≈≈≈;≈≈♣♣...........##.#.
≈≈≈≈≈≈(≈@..............#.
≈≈≈≈PP≈♣...............##
≈≈≈♣≈♣♣≈............#####
≈≈≈≈P≈(...........######
≈≈≈≈P♣..................
♣♣≈♣≈............######
≈≈≈♣.............# ≈≈
###.........#.######
######.##.........


You could see an electric eel.

Vanquished Creatures
  A phantom (D:5)
  An ice beast (D:5)
  2 ogres (D:5)
  A centaur (D:5)
  An electric eel (D:6)
  2 howler monkeys (D:5)
  2 crimson imps (D:5)
  A bullfrog zombie (D:6)
  A centaur zombie (D:5)
  A hound (D:6)
  A jelly (D:5)
  2 iguanas
  Ijyb (D:4)
  3 worker ants
  An orc wizard (D:4)
  4 gnolls (D:2)
  A howler monkey skeleton (D:5)
  4 adders
  A shadow imp (D:5)
  An ooze (D:2)
  3 worms (D:2)
  4 leopard geckos
  19 orcs
  4 giant cockroaches
  6 goblins
  10 hobgoblins
  9 jackals
  2 quokkas
  4 ball pythons
  6 bats
  10 frilled lizards
  8 kobolds
  A leopard gecko zombie (D:5)
  9 rats
  A plant (D:3)
128 creatures vanquished.

Notes
Turn   | Place    | Note
-------+----------+-------------------------------------------
     0 | D:1      | Gruesph the Halfling Hunter began the quest for the Orb.
     0 | D:1      | Reached XP level 1. HP: 14/14 MP: 1/1
    71 | D:1      | Reached skill level 6 in Slings
   362 | D:1      | Reached XP level 2. HP: 19/19 MP: 2/2
   836 | D:1      | Reached XP level 3. HP: 22/24 MP: 3/3
  1517 | D:2      | Reached skill level 7 in Slings
  1523 | D:2      | Found a shattered altar of Ashenzari.
  1709 | D:2      | Reached XP level 4. HP: 29/29 MP: 4/4
  1779 | D:2      | Found a radiant altar of Vehumet.
  1952 | D:2      | Reached XP level 5. HP: 12/35 MP: 5/5
  2229 | D:2      | Reached skill level 8 in Slings
  2451 | D:2      | Found a bloodstained altar of Trog.
  2802 | D:3      | Found a sacrificial altar of Ru.
  3189 | D:4      | Reached XP level 6. HP: 32/42 MP: 6/6
  3469 | D:4      | Noticed Ijyb
  3478 | D:4      | Killed Ijyb
  3478 | D:4      | Reached skill level 9 in Slings
  3796 | D:5      | Entered Level 5 of the Dungeon
  3810 | D:5      | Found a staircase to the Ecumenical Temple.
  3826 | Temple   | Entered the Ecumenical Temple
  3972 | Temple   | Became a worshipper of Warmaster Okawaru
  4014 | D:5      | Noticed a phantom
  4042 | D:5      | Killed a phantom
  4042 | D:5      | Reached XP level 7. HP: 31/47 MP: 7/7
  4194 | D:5      | Reached skill level 10 in Slings
  4228 | D:5      | Reached * piety under Okawaru
  4359 | D:5      | Reached skill level 11 in Slings
  4359 | D:5      | Reached XP level 8. HP: 41/54 MP: 8/8
  4916 | D:5      | Reached ** piety under Okawaru
  5172 | D:6      | Reached skill level 5 in Fighting
  5201 | D:6      | Reached skill level 12 in Slings
  5201 | D:6      | Reached skill level 1 in Invocations
  5551 | D:6      | Killed from afar by an electric eel

Levels and vault maps discovered:
D:1:      psy_arrival_conway, layout_basic
D:2:      minmay_evil_eye, layout_rooms, marbit_many_paths, ashenzari_altar_1,
          vehumet_crystals
D:3:      layout_rooms, nicolae_ru_the_path_less_chosen
D:4:      layout_rooms, uniq_ijyb
D:5:      layout_loops_ring, minmay_temple_entry_junction_2, first_ration
D:6:      layout_basic, serial_bayou_lake_a
Temple:   nicolae_temple_elliptical

Skill      XL: |  1  2  3  4  5  6  7  8 |
---------------+-------------------------+-----
Slings         | 6 7 8 9 11 12 | 12.1
Stealth        | 2 |  2.0
Fighting       | 2 3 4 5 |  5.1
Invocations    | 1 |  1.2
Dodging        | |  2.1

Action                   |  1- 3 |  4- 6 |  7- 9 || total
-------------------------+-------+-------+-------++-------
Melee: Short sword       |    79 |   187 |    75 ||   341
 Fire: Hunting sling     |    25 |    19 |       ||    44
       Fustibalus        |       |    12 |    42 ||    54
  Use: Scroll            |       |    11 |       ||    11
  Eat: Chunk             |     2 |     8 |     4 ||    14
Armor: Ring mail         |    16 |    21 |       ||    37
       Scale mail        |       |    40 |    25 ||    65
Dodge: Dodged            |    37 |   132 |    35 ||   204
